 Dungeon Crawl Stone Soup version 0.28.0-45-g0d030f2227 (webtiles) character file.

Game seed: 9062019443592748079

359 dianekeaton the Cleaver (level 6, 0/51 HPs)
             Began as a Hill Orc Fighter on Apr 5, 2022.
             Slain by a kobold
             ... wielding a +0 short sword
              (1 damage)
             ... on level 5 of the Dungeon.
             The game lasted 00:12:04 (2985 turns).

dianekeaton the Cleaver (Hill Orc Fighter)          Turns: 2985, Time: 00:12:05

Health: 0/51       AC: 10    Str: 21    XL:     6   Next: 65%
Magic:  6/6        EV:  7    Int:  8    God:
Gold:   141        SH:  4    Dex: 10    Spells: 5/5 levels left

rFire   . . .      SeeInvis .   a - +2 war axe (elec)
rCold   . . .      Faith    .   c - +0 buckler
rNeg    . . .      Spirit   .   k - +0 chain mail
rPois   .          Reflect  .   e - +0 helmet
rElec   .          Harm     .   (no cloak)
rCorr   .          Rampage  .   (no gloves)
Will    .....                   (no boots)
Stlth   ..........              (no amulet)
HPRegen 0.17/turn               (no ring)
MPRegen 0.10/turn               (no ring)

@: lethally poisoned (0 -> -7), weak-willed, slowed, very slow
A: no striking features
a: no special abilities


You were on level 5 of the Dungeon.
You visited 1 branch of the dungeon, and saw 5 of its levels.

You collected 141 gold pieces.

Inventory:

Hand Weapons
 a - a +2 war axe of electrocution (weapon)
 j - a +3 flail
Missiles
 h - 159 stones (quivered)
Armour
 c - a +0 buckler (worn)
 e - a +0 helmet (worn)
 k - a +0 chain mail (worn)
Jewellery
 b - a +4 ring of slaying
Scrolls
 i - a scroll of identify
 o - a scroll of noise {unknown}
Potions
 g - a potion of degeneration
 m - a potion of brilliance


   Skills:
 - Level 3.6 Fighting
 + Level 8.8 Axes
 - Level 3.2 Armour
 - Level 0.9 Dodging
 - Level 0.2 Stealth
 - Level 3.2 Shields


You had 5 spell levels left.
You didn't know any spells.
Your spell library contained the following spells:

 Spells                   Type           Power      Damage    Failure   Level
 Magic Dart               Conj           0%         1d3       99%         1
 Call Imp                 Summ           0%         N/A       100%        2
 Corpse Rot               Necr/Air       0%         N/A       100%        2
 Poisonous Vapours        Pois/Air       0%         N/A       100%        2
 Mephitic Cloud           Conj/Pois/Air  0%         N/A       100%        3


Dungeon Overview and Level Annotations

Branches:
Dungeon (5/15)
 Temple: D:4-7

Altars:

Shops:
D:2 (   D:3 [


Message History

The phantom hits you but does no damage.
You hit the phantom but do no damage.
The phantom is severely damaged.
The phantom barely misses you.
You hit the phantom. Lightning courses through the phantom!
You destroy the phantom!
A kobold comes into view. It is wielding a +0 short sword.
The kobold shouts!
A kobold brigand comes into view.
It is wielding a +0 short sword and quivering curare-tipped darts.
A kobold comes into view. It is wielding a +0 short sword.
The kobold shouts!
The kobold hits you with a +0 short sword.
You slash the kobold! Lightning courses through the kobold!
You kill the kobold!
The kobold brigand throws a curare-tipped dart.
The curare-tipped dart hits you.
You are poisoned.
You have difficulty breathing.
You feel yourself slow down.
* * * LOW HITPOINT WARNING * * *
You feel extremely sick. The kobold brigand closely misses you.
Things that are here:
a +0 short sword; a kobold corpse
Okay, then.
As you read the scroll labelled AQYIR NIOGHIX, it crumbles to dust.
Magic quickly surges around you.
It was a scroll of vulnerability.
* * * LOW HITPOINT WARNING * * *
You feel very sick. The kobold brigand barely misses you.
You block the kobold's attack.
You hit the kobold brigand.
Lightning courses through the kobold brigand!
The kobold brigand is heavily wounded.
You closely miss the kobold.
* * * LOW HITPOINT WARNING * * *
You feel very sick. The kobold brigand barely misses you.
The kobold closely misses you.
The kobold brigand hits you with a +0 short sword.
* * * LOW HITPOINT WARNING * * *
The kobold hits you with a +0 short sword.
You die...

#...##......#..... ....
....###....#...#< ....
.....#.....##.... .....
#..<........... .....##
##............#
.......####..........#.#
#...............#.##...#
.......K........##....##
......K@..............#
.............#........#
.##...##.######.......(
##.. ### ##........ #..
.....# #... ..#..# ....
...# ..##


You could see a kobold brigand (weak-willed) and a kobold (weak-willed).

Vanquished Creatures
  A phantom (D:5)
  A scorpion (D:4)
  2 orc priests (D:3)
  A hound (D:3)
  3 gnolls (D:4)
  An adder skeleton (D:3)
  2 worms (D:2)
  2 dart slugs (D:1)
  15 orcs
  8 ball pythons
  6 bats
  5 endoplasms
  5 giant cockroaches
  6 goblins
  5 hobgoblins
  3 jackals (D:1)
  2 quokkas
  2 frilled lizards
  7 kobolds
  5 rats
82 creatures vanquished.

Notes
Turn   | Place    | Note
-------+----------+-------------------------------------------
     0 | D:1      | dianekeaton the Hill Orc Fighter began the quest for the
                  | Orb.
     0 | D:1      | Reached XP level 1. HP: 19/19 MP: 1/1
    22 | D:1      | Reached skill level 3 in Axes
    43 | D:1      | Reached XP level 2. HP: 23/26 MP: 2/2
   130 | D:1      | Reached skill level 4 in Axes
   232 | D:1      | Reached XP level 3. HP: 19/31 MP: 3/3
   720 | D:1      | Found a faded altar of an unknown god.
  1103 | D:2      | Reached skill level 5 in Axes
  1308 | D:2      | Found Hosis's Weapon Emporium.
  1468 | D:2      | Reached XP level 4. HP: 39/39 MP: 4/4
  1917 | D:3      | Found Ilook's Armour Shop.
  2299 | D:3      | Reached skill level 6 in Axes
  2299 | D:3      | Reached XP level 5. HP: 45/45 MP: 5/5
  2631 | D:3      | Reached skill level 7 in Axes
  2684 | D:4      | Reached skill level 8 in Axes
  2684 | D:4      | Reached XP level 6. HP: 15/51 MP: 6/6
  2727 | D:4      | HP: 2/51 [something/magic dart (1)]
  2736 | D:5      | Entered Level 5 of the Dungeon
  2985 | D:5      | HP: 1/51 [kobold brigand/+0 short sword (5)]
  2985 | D:5      | Slain by a kobold

Illustrated notes

Levels and vault maps discovered:
D:1:      heliophobic_arrival_enchanted_forest, layout_rooms,
          hellmonk_ecumenical_altar_prayer_group
D:2:      layout_loops_ring, serial_shops, shop
D:3:      layout_rooms, serial_shops, shop, chequers_serial_rivers_small_a,
          st_stairs_13
D:4:      minmay_bubble_buster, layout_layer_cave, nicolae_ossuary_entry_plus
D:5:      layout_cave_pools, lightli_sewer_entry_pipes, st_stairs_6, hex_large

Skill      XL: |  1  2  3  4  5 |
---------------+----------------+-----
Axes           | 3 4 5 6 8 |  8.8
Fighting       | |  3.6
Armour         | |  3.2
Dodging        | |  0.9
Stealth        | |  0.2
Shields        | |  3.2

Action                   |  1- 3 |  4- 6 || total
-------------------------+-------+-------++-------
Melee: War axe           |   123 |   102 ||   225
Throw: Stone             |       |    14 ||    14
  Use: Scroll            |     2 |     9 ||    11
       Potion            |       |     3 ||     3
Armor: Scale mail        |    60 |       ||    60
       Chain mail        |     6 |    72 ||    78
Dodge: Dodged            |    72 |    45 ||   117
Block: Buckler           |    30 |    18 ||    48
